 Dungeon Crawl Stone Soup version 0.30-a0-358-g0d69a1922f (webtiles) character file.

Game seed: 14481796770878378822

1430 Maxmaps the Basher (level 8, -1/78 HPs)
             Began as an Ogre Monk on Nov 8, 2022.
             Was a Believer of the Shining One.
             Slain by a hornet (4 damage)
             ... on level 7 of the Dungeon.
             The game lasted 00:06:13 (6784 turns).

Maxmaps the Basher (Ogre Monk)                      Turns: 6784, Time: 00:06:13

Health: -1/78      AC:  4    Str: 16    XL:     8   Next: 73%
Magic:  8/8        EV: 10    Int: 13    God:    the Shining One [**....]
Gold:   305        SH:  0    Dex: 11    Spells: 7/7 levels left

rFire   . . .      SeeInvis .    q - +0 war axe (venom)
rCold   . . .      Faith    .    (no shield)
rNeg    + . .      Spirit   .    b - +1 robe
rPois   .          Reflect  .    (helmet restricted)
rElec   .          Harm     .    (no cloak)
rCorr   .          Rampage  .    (gloves unavailable)
Will    +....                    (boots unavailable)
Stlth   +.........               (no amulet)
HPRegen 0.33/turn                x - ring of willpower
MPRegen 0.11/turn                (no ring)

@: slowed, glowing, very slow
A: large, unfitting armour, tough skin 1
a: Renounce Religion, Divine Shield


You were on level 7 of the Dungeon.
You worshipped the Shining One.
The Shining One was pleased with you.
You visited 1 branch of the dungeon, and saw 7 of its levels.

You collected 305 gold pieces.

Inventory:

Hand Weapons
 a - a +0 mace
 h - a +4 rapier
 m - a +0 flail
 q - a +0 war axe of venom (weapon)
 B - a +4 war axe of flaming
Armour
 b - a +1 robe (worn)
Jewellery
 c - a +4 ring of evasion
 x - a ring of willpower (left hand)
Wands
 k - a wand of flame (40)
 A - a wand of iceblast (4)
 C - a wand of polymorph (1)
Scrolls
 e - 4 scrolls of identify
 g - a scroll of enchant armour
 l - a scroll of immolation {unknown}
 o - 4 scrolls of teleportation {unknown}
 p - 3 scrolls of butterflies {unknown}
 s - 2 scrolls of poison {unknown}
 u - a scroll of noise {unknown}
 v - a scroll of amnesia {unknown}
 y - a scroll of vulnerability {unknown}
 D - a scroll of torment {unknown}
Potions
 d - a potion of curing
 j - a potion of attraction
 n - a potion of heal wounds {unknown}
 r - a potion of brilliance {unknown}
 t - a potion of lignification {unknown}
 w - a potion of degeneration {unknown}
 z - a potion of cancellation {unknown}


   Skills:
 - Level 4.0 Fighting
 + Level 10.0 Maces & Flails
 - Level 2.6 Dodging
 - Level 1.4 Stealth


You had 7 spell levels left.
You didn't know any spells.
Your spell library contained the following spells:

 Spells                   Type           Power      Damage    Failure   Level
 Cigotuvi's Dreadful Rot  Necr/Pois/Air  0%         N/A       43%         2
 Poisonous Vapours        Pois/Air       0%         N/A       43%         2
 Gell's Gravitas          Tloc           0%         N/A       67%         3
 Mephitic Cloud           Conj/Pois/Air  0%         N/A       67%         3
 Teleport Other           Tloc           0%         N/A       67%         3
 Dispersal                Tloc           0%         N/A       100%        6


Dungeon Overview and Level Annotations

Branches:
Dungeon (7/15)             Temple (0/1) D:7

Altars:
Fedhas
Hepliaklqana
Kikubaaqudgha
Sif Muna
Trog
Uskayaw
Xom
Zin
The Shining One

Shops:
D:5 (


Innate Abilities, Weirdness & Mutations

You are too large for most types of armour.
You have tough skin. (AC +1)


Message History

You barely miss the hornet. You slash the bullfrog!
The bullfrog is poisoned.
The bullfrog hits you but does no damage.
The hornet stings you.
You feel yourself slow down. The bullfrog closely misses you.
The hornet stings you!
You feel as though you will be slow longer.
You hit the bullfrog.
The bullfrog is severely wounded.
You closely miss the hornet. The bullfrog hits you. The hornet misses you.
The bullfrog completely misses you. The hornet barely misses you.
The bullfrog closely misses you.
The hornet stings you but does no damage.
You feel yourself speed up. The bullfrog misses you. The hornet stings you.
You are poisoned.
You feel yourself slow down. The bullfrog hits you. The hornet stings you!
You are more poisoned.
You suddenly lose the ability to move!
You can move again.
You closely miss the hornet. You hit the bullfrog.
You kill the bullfrog!
You feel yourself speed up.
You feel extremely sick.
The hornet stings you but does no damage.
The hornet stings you.
You feel yourself slow down. The hornet stings you.
* * * LOW HITPOINT WARNING * * *
You are lethally poisoned!
You feel as though you will be slow longer.
Your Maces & Flails skill increases to level 10!
You hit the hornet but do no damage. You punch the hornet, but do no damage.
* * * LOW HITPOINT WARNING * * *
You feel extremely sick. The hornet stings you!
* * * LOW HITPOINT WARNING * * *
You feel as though you will be slow longer.
The hornet stings you but does no damage.
You feel better. The hornet barely misses you. The hornet stings you!
* * * LOW HITPOINT WARNING * * *
You feel as though you will be slow longer.
The hornet stings you.
You die...

**********#...*
#####..#...#.! #....*
#....._#...#_. ##.#..*
#.....[#.A.#.. #.....*
#......#####.. ##.#.#.##
##.##.........
**#)$.....####.###.......#
***,..#.⌠.#...##.#
####....#
*,,,#..?....#....# *##..*
*,*,..⌠.>.y@†.#..# *,>*
*,,,#.......#....# ****
***,..#.⌠.#...#..#
*,#.......###.##
*,...#.#.##*..#
**#......,**.##
#.#.#.#,*,.* *,....,,,,**
**,,,,,****


You could see a hornet.

Vanquished Creatures
  A water moccasin (D:5)
  Duvessa (D:6)
  A black bear (D:6)
  An orc warrior (D:6)
  An ice beast (D:6)
  An ogre (D:5)
  A bullfrog (D:7)
  A gnoll sergeant (D:6)
  3 scorpions
  Dowan (D:6)
  An orc priest (D:6)
  2 hounds
  A jelly (D:5)
  5 iguanas
  5 gnolls
  12 adders
  6 worms
  9 orcs
  4 endoplasms
  6 giant cockroaches
  10 goblins
  7 hobgoblins
  2 jackals (D:5)
  5 kobolds
  A quokka (D:5)
  6 ball pythons
  5 bats (D:1)
  3 frilled lizards
  9 rats
111 creatures vanquished.

Notes
Turn   | Place    | Note
-------+----------+-------------------------------------------
     0 | D:1      | Maxmaps the Ogre Monk began the quest for the Orb.
     0 | D:1      | Reached XP level 1. HP: 24/24 MP: 1/1
    84 | D:1      | Reached skill level 3 in Maces & Flails
    88 | D:1      | Reached XP level 2. HP: 31/32 MP: 2/2
   461 | D:1      | Found a faded altar of an unknown god.
   502 | D:2      | Reached XP level 3. HP: 39/39 MP: 3/3
   743 | D:2      | Reached skill level 4 in Maces & Flails
   989 | D:2      | Reached XP level 4. HP: 46/48 MP: 4/4
  2145 | D:3      | Reached skill level 5 in Maces & Flails
  2263 | D:3      | Found a bloodstained altar of Trog.
  2407 | D:3      | Reached XP level 5. HP: 49/54 MP: 5/5
  2619 | D:3      | Found a glowing golden altar of the Shining One.
  2659 | D:3      | Became a worshipper of the Shining One
  2659 | D:3      | Reached * piety under the Shining One
  2659 | D:3      | Reached ** piety under the Shining One
  2715 | D:3      | Found an ancient bone altar of Kikubaaqudgha.
  2715 | D:3      | Found a shimmering blue altar of Sif Muna.
  3083 | D:4      | Reached skill level 6 in Maces & Flails
  3083 | D:4      | Reached XP level 6. HP: 40/62 MP: 6/6
  3737 | D:5      | Entered Level 5 of the Dungeon
  3814 | D:5      | Noticed a water moccasin
  3825 | D:5      | Killed a water moccasin
  4100 | D:5      | Reached skill level 7 in Maces & Flails
  4100 | D:5      | Reached XP level 7. HP: 49/70 MP: 7/7
  4236 | D:5      | Found Usaseg's Weapon Shoppe.
  5049 | D:6      | Reached skill level 8 in Maces & Flails
  5341 | D:6      | Noticed Dowan
  5342 | D:6      | Noticed Duvessa
  5572 | D:6      | Killed Duvessa
  5573 | D:6      | Reached XP level 8. HP: 59/78 MP: 8/8
  5639 | D:6      | Killed Dowan
  5831 | D:6      | Reached skill level 9 in Maces & Flails
  5837 | D:6      | HP: 3/78 [gnoll sergeant/+0 spear (10)]
  6582 | D:6      | Found a hide-covered altar of Uskayaw.
  6628 | D:6      | Found a blossoming altar of Fedhas.
  6628 | D:6      | Found a hazy altar of Hepliaklqana.
  6761 | D:7      | Noticed an angel
  6761 | D:7      | Found a shimmering altar of Xom.
  6761 | D:7      | Found a glowing silver altar of Zin.
  6774 | D:7      | Found a staircase to the Ecumenical Temple.
  6776 | D:7      | Noticed a hornet
  6781 | D:7      | Paralysed by a hornet for 1 turns
  6783 | D:7      | Reached skill level 10 in Maces & Flails
  6784 | D:7      | HP: 3/78 [hornet (11)]
  6784 | D:7      | Slain by a hornet

Illustrated notes

Levels and vault maps discovered:
D:1:      onia_arrival_handbag, layout_basic,
          hellmonk_ecumenical_altar_leap_of_faith
D:2:      layout_basic, kennysheep_generic_room_7
D:3:      wad_crossroads, layout_loops_corners, nicolae_overflow_crystal_walls,
          tso_oasis_becter, gammafunk_temple_overflow_elements,
          serial_park_tiny_pond, minmay_misc_feat_columns,
          minmay_randomly_rotated_circles
D:4:      layout_loops_ring
D:5:      layout_basic, serial_shops, nicolae_shop_trees
D:6:      layout_loops_ring, kennysheep_little_box,
          nicolae_overflow_two_pavilions, uniq_duvessa
D:7:      layout_basic, grunt_temple_overflow_order_and_chaos_1,
          minmay_temple_entry_sparse_star, nicolae_ossuary_entry_plus,
          enter_bailey_5

Skill      XL: |  1  2  3  4  5  6  7  8 |
---------------+-------------------------+-----
Maces & Flails | 3 4 5 6 7 8 10 | 10.0
Fighting       | |  4.0
Dodging        | |  2.6
Stealth        | |  1.4

Action                   |  1- 3 |  4- 6 |  7- 9 || total
-------------------------+-------+-------+-------++-------
Melee: Mace              |    49 |       |       ||    49
       Rapier            |    43 |    22 |       ||    65
       Punch             |     1 |     1 |     4 ||     6
       Flail             |       |    63 |       ||    63
       War axe           |       |    41 |   105 ||   146
       Unarmed           |       |       |     5 ||     5
  Use: Potion            |       |     3 |     5 ||     8
       Scroll            |       |       |     4 ||     4
 Stab: Sleeping          |     3 |     3 |       ||     6
       Distracted        |       |     1 |       ||     1
Armor: Robe              |    29 |    25 |    22 ||    76
       Skin              |       |       |     4 ||     4
Dodge: Dodged            |    55 |    67 |    68 ||   190

Table legend: (Time is in decaauts)
 A = Elapsed time spent in this place.
 B = Non-inter-level travel time spent in this place.
 C = Inter-level travel time spent in this place.
 D = Time resting spent in this place.
 E = Time spent auto-exploring this place.
 F = Levels seen in this place.
 G = Mean time per level.
                   A        B        C        D        E       F      G
               +--------+--------+--------+--------+--------+-----+--------+
         Total |   6857 |   6717 |    140 |   1586 |   4187 |   7 |  979.6 |
       Dungeon |   6857 |   6717 |    140 |   1586 |   4187 |   7 |  979.6 |
               +--------+--------+--------+--------+--------+-----+--------+

Top non-repeatable levels by time:
     D:5: 1704 daAuts
     D:3: 1450 daAuts
     D:6: 1349 daAuts
     D:2: 932 daAuts
     D:4: 890 daAuts
     D:1: 505 daAuts
     D:7: 25 daAuts
